AoeStats
← Orangetang

MegaRandom

509833552Analyzed
4v4 RM · 3d ago on Sep 28, 2026· 54m 43s· 8 players
Game mode
Random Map
Map size
Large (8 player)
Population
200
Speed
Normal
Resources
Standard
Victory
Conquest
Starting age
Dark Age
Ending age
Imperial Age
RankedLock teamsTeams togetherTeam positionsShared explorationLock speedFull tech treeHidden civsTurbo modeCheats
Victory
Defeat
🇮🇹 Malay · Italy
739
+18
🇨🇦 Khmer · Canada
722
+18
🇪🇸 Celts · Spain
686
+22
🇨🇱 Turks · Chile
647
+21
🇨🇳 Mongols · China
843
-21
🇧🇷 Slavs · Brazil
785
-20
🇨🇳 Franks · China
734
-18
🇮🇳 Huns · India
729
-31
ALVICEN
4:11 Loom
11:50 Feudal Age
14:56 Wheelbarrow
14:41 Town Watch
28:12 Castle Age
27:33 Double-Bit Axe
27:33 Horse Collar
30:43 Heavy Plow
31:28 Bow Saw
33:31 Stone Mining
36:43 Hand Cart
38:05 Pikeman
alexgiaco98
3:48 Loom
13:05 Feudal Age
14:28 Double-Bit Axe
17:56 Gold Mining
17:57 Stone Mining
23:37 Castle Age
23:25 Bow Saw
22:58 Horse Collar
23:57 Gold Shaft Mining
34:05 Stone Shaft Mining
38:32 Imperial Age
35:27 Pikeman
36:08 Squires
35:53 Arson
38:12 Heavy Plow
40:21 Halberdier
43:39 Husbandry
43:01 Light Cavalry
45:54 Capped Ram
Orangetang
12:05 Loom
13:54 Feudal Age
14:23 Double-Bit Axe
14:25 Horse Collar
26:20 Castle Age
31:48 Bow Saw
39:37 Bloodlines
39:28 Husbandry
38:50 Light Cavalry
Nick
22:27 Feudal Age
26:47 Castle Age
24:59 Gold Mining
24:59 Horse Collar
26:26 Loom
27:03 Double-Bit Axe
35:10 Imperial Age
37:04 Gold Shaft Mining
42:59 Artillery
44:06 Bloodlines
48:19 Bombard Tower
Carpeado BR
20:43 Feudal Age
19:01 Loom
21:14 Horse Collar
22:26 Wheelbarrow
22:32 Double-Bit Axe
23:08 Man-at-Arms
25:51 Fletching
28:33 Castle Age
27:58 Scale Mail Armor
28:25 Forging
29:34 Squires
30:09 Chain Mail Armor
30:30 Iron Casting
30:49 Bodkin Arrow
31:00 Town Watch
32:55 Heavy Plow
37:12 Detinets
44:27 Hand Cart
45:38 Pikeman
ShrouD
12:10 Loom
17:07 Feudal Age
23:28 Castle Age
23:49 Wheelbarrow
22:59 Town Watch
30:55 Thumb Ring
30:59 Crossbowman
35:35 Horse Collar
35:49 Double-Bit Axe
42:24 Imperial Age
40:11 Hand Cart
39:57 Town Patrol
41:39 Marauders
44:33 Parthian Tactics
44:34 Atheism
715113342
5:57 Loom
15:00 Feudal Age
22:25 Castle Age
32:14 Imperial Age
30:03 Pikeman
35:14 Chemistry
村中一匹狼
9:00 Loom
12:32 Feudal Age
12:53 Man-at-Arms
16:29 Arson
18:11 Horse Collar
26:06 Castle Age
Connection lost

Rejoining the realm…

Still unreachable

The connection could not be restored.

Session expired

The server has moved on; the page needs a fresh start.